 Dungeon Crawl Stone Soup version 0.25.0-9-g26727b657a (webtiles) character file.

Game seed: 6217537846890552225

12512 Froggeryz the Grappler (level 11, -1/69 HPs)
             Began as a Gargoyle Transmuter on June 21, 2020.
             Was a High Priest of Cheibriados.
             Slain by an eight-headed hydra (5 damage)
             ... on level 2 of the Lair of Beasts.
             The game lasted 00:17:12 (12913 turns).

Froggeryz the Grappler (Gargoyle Transmuter)       Turns: 12913, Time: 00:17:13

Health: -1/69      AC: 22    Str: 28 (30) XL:     11   Next: 94%
Magic:  14/14      EV: 12    Int: 27 (29) God:    Cheibriados [*****.]
Gold:   849        SH:  7    Dex: 22 (24) Spells: 11/14 levels left

rFire    + + .     SeeInvis .     - Unarmed
rCold    + . .     Gourm    .   I - +1 buckler {reflect}
rNeg     + . .     Faith    +   y - +4 scale mail
rPois    ∞         Spirit   .   L - +2 hat
rElec    +         Reflect  +   J - scarf {rC+ rF+}
rCorr    .         Harm     .   n - +0 pair of gloves
MR       .....                  (no boots)
Stlth    ..........             e - amulet of faith
HPRegen  0.21/turn              (no ring)
MPRegen  0.14/turn              (no ring)

@: brilliant, stab, very slow
A: antennae 1, blink, fire resistance 1, negative energy resistance 1,
electricity resistance, unbreathing, petrification resistance, rot immunity, AC
+8
a: Blink, Bend Time, Temporal Distortion, Slouch, Step From Time, Renounce
Religion


You were on level 2 of the Lair of Beasts.
You worshipped Cheibriados.
Cheibriados was extremely pleased with you.
You were hungry.

You visited 2 branches of the dungeon, and saw 12 of its levels.
You also visited: Ossuary.

You collected 849 gold pieces.

Inventory:

Missiles
 a - 177 arrows
 j - 3 javelins (quivered)
 o - a throwing net
Armour
 n - a +0 pair of gloves (worn)
 y - a +4 scale mail (worn)
 I - a +1 buckler of reflection (worn)
 J - a scarf of resistance (worn)
 L - a +2 hat (worn)
Jewellery
 e - an amulet of faith (around neck)
 v - a +6 ring of intelligence
Wands
 x - a wand of clouds (4)
 A - a wand of flame (41)
 E - a wand of acid (11)
 H - a wand of disintegration (12)
 M - a wand of iceblast (14)
 N - a wand of polymorph (9)
Scrolls
 b - 4 scrolls of fog {unknown}
 f - 11 scrolls of teleportation
 g - 11 scrolls of remove curse {unknown}
 h - 2 scrolls of amnesia {unknown}
 i - a scroll of enchant armour {unknown}
 l - a scroll of enchant weapon {unknown}
 m - 6 scrolls of identify {unknown}
 p - 2 scrolls of noise {unknown}
 w - 2 scrolls of immolation {unknown}
 B - 3 scrolls of magic mapping {unknown}
 D - a scroll of blinking {unknown}
 G - a scroll of random uselessness {unknown}
Potions
 c - 3 potions of might {unknown}
 k - 2 potions of stabbing
 q - 4 potions of haste
 r - 3 potions of brilliance
 s - 7 potions of degeneration
 t - 2 potions of curing {unknown}
 u - 2 potions of ambrosia {unknown}
 z - a potion of magic {unknown}
 C - a potion of experience {unknown}
 F - a potion of heal wounds {unknown}
Comestibles
 d - 25 rations


   Skills:
 + Level 8.6 Fighting
 - Level 3.2 Armour
 + Level 2.2 Dodging
 - Level 5.0 Shields
 * Level 13.5 Unarmed Combat
 - Level 2.0 Spellcasting
 - Level 6.5 Transmutations
 + Level 3.2 Invocations


You had 11 spell levels left.
You knew the following spells:

 Your Spells              Type           Power        Failure   Level  Hunger
a - Beastly Appendage     Tmut           ######       1%          1    None
b - Blink                 Tloc           N/A          30%         2    None

Your spell library contained the following spells:

 Spells                   Type           Power        Failure   Level  Hunger
 Sticks to Snakes         Tmut           ######..     2%          2    None
 Spider Form              Tmut/Pois      ####......   16%         3    None
 Foxfire                  Conj/Fire      #...         21%         1    None
 Magic Dart               Conj           #...         21%         1    None
 Call Imp                 Summ           #.......     30%         2    None
 Poisonous Vapours        Pois/Air       #.....       30%         2    None
 Slow                     Hex            #.......     30%         2    None
 Blade Hands              Tmut           ######....   36%         5    None
 Ice Form                 Ice/Tmut       ####....     47%         4    None
 Conjure Flame            Conj/Fire      #.......     52%         3    None
 Inner Flame              Hex/Fire       #.......     52%         3    None
 Mephitic Cloud           Conj/Pois/Air  #.......     52%         3    None
 Sticky Flame             Conj/Fire      #.......     90%         4    None
 Fireball                 Conj/Fire      #.........   99%         5    None
 Freezing Cloud           Conj/Ice/Air   #.........   100%        6    None
 Ring of Flames           Chrm/Fire      #.........   100%        7    None


Dungeon Overview and Level Annotations

Branches:
Dungeon (10/15)            Temple (0/1) D:6            Lair (2/6) D:8
 Shoals (0/4) Lair:2          Orc (0/2) D:9         Ossuary (visited)
  Snake: Lair:2-4    Spider: Lair:2-4

Altars:
Cheibriados
Dithmenos
Fedhas
Kikubaaqudgha
Ru
Trog
Uskayaw
Vehumet
Xom
The Shining One

Annotations:
D:10 2 transporters, nojaa's ghost, novice FeAK
Lair:2 Erica


Innate Abilities, Weirdness & Mutations

You are resistant to torment.
Your stone body is resilient. (AC +8)
You are immune to poison.
You resist negative energy. (rN+)
You are resistant to electric shocks. (rElec)
You can survive without breathing.
You are immune to petrification.
You are immune to rotting.
You have a pair of small antennae on your head.
You can translocate small distances at will.
Your flesh is heat resistant. (rF+)


Message History

You block the eight-headed hydra's attack.
The eight-headed hydra closely misses you.
The eight-headed hydra bites you.
* * * LOW HITPOINT WARNING * * *
The eight-headed hydra closely misses you.
The eight-headed hydra barely misses you.
The eight-headed hydra closely misses you.
Okay, then.
Unknown command.
It was a potion of stabbing.
You feel ready to backstab. Something hits you.
* * * LOW HITPOINT WARNING * * *
You block the eight-headed hydra's attack. x2
The eight-headed hydra closely misses you.
The eight-headed hydra bites you.
* * * LOW HITPOINT WARNING * * *
The eight-headed hydra closely misses you.
The eight-headed hydra bites you.
You die...

.. ......... ##......
...)..... #....#
.##........ .....
#@#.#...... ##....
...§§P.... #....#
.§§§§....
#....#####§§##....
#....##.#§D§P..... #.
#.......@{.......
##.###................
..<....:..............
......................
......................
......................
.........P...#...#....
.#..#..###..##.###...
.####.##...####.PP.#
...


You could see an eight-headed hydra.

Vanquished Creatures
  A hydra (Lair:2)
  2 two-headed ogres (D:10)
  A manticore (Lair:2)
  2 spiny frogs (Lair:1)
  4 torpor snails (Lair:1)
  A troll (D:9)
  A blink frog (Lair:1)
  2 hippogriffs
  10 yaks
  2 wyverns
  A wraith (D:10)
  A water moccasin (Lair:2)
  2 porcupines
  2 sky beasts
  4 ice beasts
  4 orc warriors
  2 black bears
  A phantom (D:9)
  2 necrophages (D:10)
  3 ogres
  A centaur (D:7)
  3 crocodiles
  2 elf zombies (Ossuary)
  4 big kobolds
  7 bullfrogs
  3 elf skeletons (D:4)
  2 wyvern skeletons
  4 scorpions
  4 killer bees (D:7)
  A troll zombie (D:10)
  A wight (D:10)
  5 howler monkeys
  5 centaur zombies
  6 crimson imps
  A bullfrog zombie (D:7)
  A quasit (D:4)
  2 jellies
  2 hounds
  2 bullfrog skeletons
  4 human zombies
  3 orc priests
  7 orc wizards
  A centaur skeleton (D:6)
  3 iguanas
  A human skeleton (D:4)
  9 worker ants
  A statue (D:6)
  4 mummies
  A hound skeleton (D:7)
  2 worker ant zombies
  12 adders
  3 shadow imps
  2 oozes
  2 adder zombies
  An adder skeleton (D:6)
  2 worms
  4 dart slugs
  6 leopard geckos
  32 orcs
  6 giant cockroaches
  8 goblins
  8 hobgoblins
  6 jackals
  A quokka (D:6)
  4 ball pythons
  9 bats
  3 frilled lizards
  A goblin zombie (Ossuary)
  11 hobgoblin zombies (Ossuary)
  2 jackal zombies (Ossuary)
  14 kobolds
  6 kobold zombies (Ossuary)
  A leopard gecko skeleton (D:5)
  3 leopard gecko zombies
  12 orc zombies
  A quokka zombie (D:6)
  7 rats
307 creatures vanquished.

Notes
Turn   | Place    | Note
-------+----------+-------------------------------------------
     0 | D:1      | Froggeryz the Gargoyle Transmuter began the quest for the
                  | Orb.
     0 | D:1      | Reached XP level 1. HP: 12/12 MP: 3/3
   241 | D:1      | Reached XP level 2. HP: 14/16 MP: 5/5
  1243 | D:2      | Reached skill level 4 in Unarmed Combat
  1280 | D:2      | Reached XP level 3. HP: 20/20 MP: 6/6
  1591 | D:2      | Reached skill level 1 in Armour
  1591 | D:2      | Reached XP level 4. HP: 20/25 MP: 7/7
  1944 | D:2      | Gained mutation: You have a pair of small antennae on your
                  | head. [potion of mutation]
  1944 | D:2      | Gained mutation: Your flesh is heat resistant. (rF+)
                  | [potion of mutation]
  1944 | D:2      | Gained mutation: You can translocate small distances at
                  | will. [potion of mutation]
  2637 | D:3      | Reached skill level 5 in Unarmed Combat
  3202 | D:2      | Reached XP level 5. HP: 11/29 MP: 8/8
  3782 | D:4      | Reached XP level 6. HP: 25/34 MP: 9/9
  3848 | D:4      | Reached skill level 6 in Unarmed Combat
  3874 | D:4      | Found a sand-covered staircase.
  3902 | Ossuary  | Entered an ossuary
  4392 | Ossuary  | Reached XP level 7. HP: 27/38 MP: 10/10
  4423 | Ossuary  | Reached skill level 7 in Unarmed Combat
  5287 | D:4      | Reached skill level 8 in Unarmed Combat
  5287 | D:4      | Reached XP level 8. HP: 42/43 MP: 11/11
  5795 | D:5      | Entered Level 5 of the Dungeon
  5965 | D:5      | Found a sacrificial altar of Ru.
  5965 | D:5      | Found a shimmering altar of Xom.
  5965 | D:5      | Found a snail-covered altar of Cheibriados.
  5966 | D:5      | Found a blossoming altar of Fedhas.
  5969 | D:5      | Found a glowing golden altar of the Shining One.
  5974 | D:5      | Became a worshipper of Cheibriados the Contemplative
  6142 | D:5      | Found a glowing golden altar of the Shining One.
  6532 | D:6      | Reached skill level 9 in Unarmed Combat
  6585 | D:6      | Found a shadowy altar of Dithmenos.
  6654 | D:6      | Found a staircase to the Ecumenical Temple.
  6719 | D:6      | Reached * piety under Cheibriados
  6972 | D:6      | Found a radiant altar of Vehumet.
  7137 | D:6      | Reached XP level 9. HP: 52/52 MP: 12/12
  7597 | D:7      | Reached ** piety under Cheibriados
  7705 | D:7      | Reached skill level 10 in Unarmed Combat
  7906 | D:7      | Reached skill level 5 in Fighting
  7919 | D:7      | Reached *** piety under Cheibriados
  8402 | D:7      | Reached skill level 5 in Transmutations
  8560 | D:7      | Reached skill level 11 in Unarmed Combat
  8845 | D:8      | Reached XP level 10. HP: 60/60 MP: 13/13
  8860 | D:8      | Reached **** piety under Cheibriados
  8950 | D:8      | Found a hide-covered altar of Uskayaw.
  8982 | D:8      | Found a staircase to the Lair.
  9145 | D:8      | Reached skill level 1 in Shields
  9443 | D:9      | Reached skill level 5 in Shields
  9802 | D:9      | Found a staircase to the Orcish Mines.
 10063 | D:10     | Entered Level 10 of the Dungeon
 10064 | D:10     | Noticed a two-headed ogre
 10075 | D:10     | Killed a two-headed ogre
 10075 | D:10     | Reached ***** piety under Cheibriados
 10075 | D:10     | Reached skill level 12 in Unarmed Combat
 10429 | D:10     | Noticed a two-headed ogre
 10442 | D:10     | Killed a two-headed ogre
 10442 | D:10     | Reached XP level 11. HP: 18/67 MP: 14/14
 10704 | D:10     | Identified the +3 dire flail of Grandeur {protect, Dex+3}
 10704 | D:10     | Noticed an orc knight
 10705 | D:10     | Noticed a two-headed ogre
 10705 | D:10     | Noticed a moth of wrath
 10705 | D:10     | Noticed nojaa's ghost (novice FeAK)
 10705 | D:10     | Noticed a two-headed ogre
 10706 | D:10     | Found a transporter.
 10706 | D:10     | Identified the +5 mace of Fixation {elec, rC- rN+ MR+
                  | Dex+8}
 10706 | D:10     | Noticed a tengu warrior
 10714 | D:10     | Found a bloodstained altar of Trog.
 10714 | D:10     | Noticed a two-headed ogre
 10721 | D:10     | Found a transporter.
 10812 | D:10     | Found an ancient bone altar of Kikubaaqudgha.
 11322 | Lair:1   | Entered Level 1 of the Lair of Beasts
 11608 | Lair:1   | Reached skill level 13 in Unarmed Combat
 11860 | Lair:1   | Reached skill level 1 in Invocations
 11907 | Lair:1   | Found a snail-covered altar of Cheibriados.
 12071 | Lair:1   | Learned a level 2 spell: Blink
 12365 | Lair:2   | Found a staircase to the Shoals.
 12365 | Lair:2   | Noticed a manticore
 12391 | Lair:2   | Killed a manticore
 12648 | Lair:2   | Noticed a five-headed hydra
 12660 | Lair:2   | Killed a five-headed hydra
 12892 | Lair:2   | Noticed Erica
 12892 | Lair:2   | Noticed an eight-headed hydra
 12913 | Lair:2   | Slain by an eight-headed hydra

Illustrated notes

Levels and vault maps discovered:
D:1:      psy_arrival_radial01, layout_basic
D:2:      layout_basic
D:3:      layout_loops_cross
D:4:      layout_basic, first_ration, nicolae_ossuary_entry_catacombs,
          minmay_unequal
D:5:      layout_loops_ring, minitemple, tso_altar
D:6:      layout_cave_pods, vehumet_statue, minmay_temple_entry_junction_2,
          basic_altar
D:7:      wad_guarded_room, layout_basic
D:8:      layout_cave_pools, dpeg_oklobed_lair, basic_altar, blue_anna_alchemist
          [blue_anna_fruit_fields, blue_anna_fruit_fields],
          kennysheep_nondescript
D:9:      layout_roguey, orc_0_dummy
D:10:     layout_gridville, gammafunk_ghost_wrathful_warriors,
          lemuel_mausoleum_altar_kikubaaqudgha
Lair:1:   layout_gridlike, chequers_serial_rivers_micro_c,
          minmay_stone_trees_medium, minivault_23, st_stairs_10,
          small_statue_intersection, kennysheep_snail_temple
Lair:2:   layout_regular_city, minmay_shoals_entry_beasts, uniq_erica

Skill      XL: |  1  2  3  4  5  6  7  8  9 10 11 |
---------------+----------------------------------+-----
Unarmed Combat | 4 5 6 8 9 11 12 13 | 13.5
Armour         | 1 2 3 |  3.2
Transmutations | 2 3 5 6 |  6.5
Fighting       | 3 5 7 8 |  8.6
Shields        | 5 |  5.0
Invocations    | 3 |  3.2
Dodging        | 2 |  2.2
Spellcasting   | |  2.0

Action                   |  1- 3 |  4- 6 |  7- 9 | 10-12 || total
-------------------------+-------+-------+-------+-------++-------
Melee: Unarmed           |   136 |   364 |   555 |   447 ||  1502
       Punch             |     2 |    11 |    24 |     4 ||    41
Throw: Javelin           |       |       |       |     2 ||     2
 Abil: Blink             |       |     9 |       |       ||     9
Evoke: Wand              |       |       |       |     2 ||     2
  Use: Potion            |       |     1 |     1 |     3 ||     5
       Scroll            |       |       |     1 |       ||     1
 Stab: Sleeping          |     1 |       |       |       ||     1
  Eat: Chunk             |     2 |     8 |     9 |     8 ||    27
       Ration            |       |     1 |       |       ||     1
Armor: Robe              |     9 |       |       |       ||     9
       Leather armour    |    10 |       |       |       ||    10
       Ring mail         |     4 |       |       |       ||     4
       Scale mail        |    33 |   181 |   337 |   240 ||   791
Dodge: Dodged            |    74 |   144 |   295 |   205 ||   718
Block: Buckler           |       |       |       |   121 ||   121
       Reflection        |       |       |       |     6 ||     6
